 Dungeon Crawl Stone Soup version 0.28-a0-691-gad6df49e81 (webtiles) character file.

Game seed: 16531059625770692654

119 kae the Ruffian (level 4, -6/37 HPs)
             Began as a Draconian Transmuter on Oct 20, 2021.
             Killed by divine providence
             ... invoked by an orc priest
              (14 damage)
             ... on level 3 of the Dungeon.
             The game lasted 00:01:31 (2672 turns).

kae the Ruffian (Draconian Transmuter)              Turns: 2672, Time: 00:01:32

Health: -6/37      AC:  2    Str: 12    XL:     4   Next: 73%
Magic:  1/7        EV: 19    Int: 21    God:
Gold:   88         SH:  0    Dex: 16    Spells: 3/7 levels left

rFire   . . .      SeeInvis .     - Unarmed
rCold   . . .      Faith    .   (shield currently unavailable)
rNeg    . . .      Spirit   .   (armour unavailable)
rPois   x          Reflect  .   (helmet currently unavailable)
rElec   .          Harm     .   (cloak currently unavailable)
rCorr   .          Rampage  .   (gloves currently unavailable)
Will    .....                   (boots currently unavailable)
Stlth   +.........              (no amulet)
HPRegen 0.12/turn               f - +6 ring of intelligence
MPRegen 0.10/turn               (no ring)

@: spider-form (expiring), very slightly contaminated
A: venomous fangs, AC +5, tiny, unfitting armour, (cold-blooded)
a: End Transformation


You were on level 3 of the Dungeon.
You were a venomous arachnid creature.
You visited 1 branch of the dungeon, and saw 3 of its levels.

You collected 88 gold pieces.

Inventory:

Jewellery
 f - a +6 ring of intelligence (left front leg)
Scrolls
 b - a scroll of vulnerability
 c - a scroll of fear {unknown}
 d - 2 scrolls of enchant armour {unknown}
 e - a scroll of identify
 g - a scroll of enchant weapon {unknown}
 h - a scroll of fog {unknown}


   Skills:
 + Level 2.4 Fighting
 - Level 1.7 Dodging
 * Level 4.3 Unarmed Combat
 - Level 2.0 Spellcasting
 + Level 2.8 Transmutations
 * Level 1.1 Poison Magic


You had 3 spell levels left.
You knew the following spells:

 Your Spells              Type           Power      Damage    Failure   Level
a - Beastly Appendage     Tmut           28%        N/A       14%         1
b - Spider Form           Tmut/Pois      5%         N/A       41%         3

Your spell library contained the following spells:

 Spells                   Type           Power      Damage    Failure   Level
 Wereblood                Tmut           14%        N/A       19%         2
 Ice Form                 Ice/Tmut       8%         N/A       82%         4
 Summon Lightning Spire   Summ/Air       2%         N/A       93%         4
 Storm Form               Tmut/Air       4%         N/A       100%        7
 Maxwell's Capacitive Co  Air            1%         ∞         100%        8


Dungeon Overview and Level Annotations

Branches:
Dungeon (3/15)

Altars:
Beogh


Innate Abilities, Weirdness & Mutations

You are a venomous arachnid creature.
You have poisonous fangs.
You are tiny and dextrous.
Your spellcasting is less reliable in this form.
Your armour is entirely melded.
You are incapable of wielding weapons or throwing items.
((Your plain brown scales are hard. (AC +5)))
You cannot fit into any form of body armour.
((You are cold-blooded and may be slowed by cold attacks.))


Message History

[Y]es or [N]o only, please.
The spell is quite dangerous to cast (24% risk of failure)!
Continue anyway?
You turn into a venomous arachnid creature.
The orc priest invokes the aid of Beogh against you.
Beogh smites you!
The orc priest miscasts a cantrip.
You hit the orc.
The orc is heavily wounded.
The orc completely misses you.
The orc priest mumbles some strange prayers to Beogh against you.
Beogh smites you!
* * * LOW HITPOINT WARNING * * *
You bite the orc priest!
The orc priest is almost dead.
The orc misses you. The orc priest closely misses you.
It was a potion of curing.
You feel better. The orc completely misses you.
The orc priest closely misses you.
You bite the orc priest!
You kill the orc priest!
Something hits you. The orc hits you with a +0 short sword.
* * * LOW HITPOINT WARNING * * *
The orc priest invokes the aid of Beogh against you.
Something writhes in agony!
Your Poison Magic skill increases to level 1!
You feel better.
Your transformation is almost over.
Something hits you but does no damage. The orc hits you with a +0 short sword.
The orc completely misses you.
You hit something.
Reactivating autopickup.
You feel a bit more experienced.
The orc priest mumbles some strange prayers to Beogh against you.
You barely resist. The orc hits you with a +0 short sword.
* * * LOW HITPOINT WARNING * * *
The orc closely misses you. The orc hits you with a +0 short sword.
* * * LOW HITPOINT WARNING * * *
The orc priest mumbles some strange prayers to Beogh against you.
Beogh smites you!
You die...

#.#................
#.#.###############
#.#†# #.#.# #.#.#
#'#.# #####...#
##.$.##.o#
#.8$8o#so#
#_$...o..#
#.8.8.##.#
##$$$###.#
#####.#.# #.#..
#.### #..# #.# #..#
#.# #..#


You could see an orc priest and 2 orcs.

Vanquished Creatures
  An orc priest (D:3)
  An orc wizard (D:3)
  4 gnolls (D:2)
  2 worms (D:2)
  4 ball pythons
  5 endoplasms
  2 giant cockroaches (D:1)
  3 goblins
  A hobgoblin (D:1)
  4 jackals (D:1)
  3 kobolds
  A quokka (D:2)
  3 bats
  A rat (D:3)
  A spectral kobold (D:1)
36 creatures vanquished.

Notes
Turn   | Place    | Note
-------+----------+-------------------------------------------
     0 | D:1      | kae the Draconian Transmuter began the quest for the Orb.
     0 | D:1      | Reached XP level 1. HP: 16/16 MP: 3/3
   309 | D:1      | Reached XP level 2. HP: 23/23 MP: 3/5
   638 | D:1      | Found a faded altar of an unknown god.
  1265 | D:2      | Reached XP level 3. HP: 20/29 MP: 4/6
  1289 | D:1      | Learned a level 3 spell: Spider Form
  1763 | D:2      | Reached skill level 4 in Unarmed Combat
  1864 | D:2      | Reached XP level 4. HP: 35/36 MP: 5/7
  2670 | D:3      | Reached skill level 1 in Poison Magic
  2672 | D:3      | Killed from afar by an orc priest

Illustrated notes

Levels and vault maps discovered:
D:1:      dpeg_arrival_long_road, layout_basic,
          dreamdust_ecumenical_altar_drowned_temple
D:2:      layout_rooms, chequers_serial_rivers_micro_e
D:3:      layout_basic, kennysheep_orc_chapel

Skill      XL: |  1  2  3  4 |
---------------+-------------+-----
Fighting       | 2 |  2.4
Unarmed Combat | 4 |  4.3
Poison Magic   | 1 |  1.1
Dodging        | |  1.7
Spellcasting   | |  2.0
Transmutations | |  2.8

Action                   |  1- 3 |  4- 6 || total
-------------------------+-------+-------++-------
Melee: Unarmed           |    83 |    35 ||   118
       Kick              |    10 |     3 ||    13
       Headbutt          |     6 |     1 ||     7
       Tailslap          |     5 |     4 ||     9
 Cast: Beastly Appendage |    14 |     6 ||    20
       Spider Form       |     2 |     1 ||     3
  Use: Scroll            |     3 |       ||     3
       Potion            |       |     2 ||     2
 Stab: Sleeping          |     1 |       ||     1
Armor: Skin              |    39 |     5 ||    44
Dodge: Dodged            |    71 |    17 ||    88

Table legend: (Time is in decaauts)
 A = Elapsed time spent in this place.
 B = Non-inter-level travel time spent in this place.
 C = Inter-level travel time spent in this place.
 D = Time resting spent in this place.
 E = Time spent auto-exploring this place.
 F = Levels seen in this place.
 G = Mean time per level.
                   A        B        C        D        E       F      G
               +--------+--------+--------+--------+--------+-----+--------+
         Total |   2675 |   2635 |     40 |    455 |   1847 |   3 |  891.7 |
       Dungeon |   2675 |   2635 |     40 |    455 |   1847 |   3 |  891.7 |
               +--------+--------+--------+--------+--------+-----+--------+

Top non-repeatable levels by time:
     D:1: 1528 daAuts
     D:2: 731 daAuts
     D:3: 415 daAuts
